 Dungeon Crawl Stone Soup version 0.19.5 (console) character file.

561475 Grinner the Ninja (level 25, -2/127 HPs)
             Began as a Spriggan Monk on Mar 6, 2017.
             Was the Champion of Makhleb.
             Slain by an electric golem (4 damage)
             ... on level 5 of the Realm of Zot on Mar 9, 2017.
             The game lasted 09:40:19 (85766 turns).

Grinner the Ninja (Spriggan Monk)                  Turns: 85766, Time: 09:40:19

Health: -2/127     AC: 13    Str: 16 (17) XL:     25   Next: 36%
Magic:  30/36      EV: 25    Int: 17 (18) God:    Makhleb [******]
Gold:   8653       SH: 23    Dex: 29 (30) Spells: 13 memorised, 10 levels left

rFire  . . .     SeeInvis +     a - +1 rapier (elec)
rCold  + . .     Gourm    .     k - quicksilver dragon scales
rNeg   + . .     Faith    .     J - +1 buckler {rC+}
rPois  +         Spirit   .     m - +2 hat
rElec  .         Reflect  +     O - +2 cloak {+Inv}
rCorr  .         Harm     .     (gloves unavailable)
MR     +++++     Rnd*Rage +     (boots unavailable)
Stlth  ++++++++++               M - brooch of Shielding {Reflect SH+8}
                                R - ring of Nemelex Xobeh's Envy {rN+ Str+5 Int+3 Dex+6}
                                u - ring of Giucoa Jiadgh {rPois Stlth+}

@: very quick
A: unfitting armour, horns 1, large bone plates 1, slimy green scales 1,
camouflage 1, see invisible, berserk 1, blink, clever 1, clumsy 1, deformed
body, deterioration 2, herbivore 3, speed 3, low mp 1, magic resistance 1, slow
metabolism 2, strong 1, MP-powered wands
a: Blink, Minor Destruction, Lesser Servant of Makhleb, Major Destruction,
Greater Servant of Makhleb, Renounce Religion, Evoke Invisibility
}: 3/15 runes: decaying, silver, gossamer


You were on level 5 of the Realm of Zot.
You worshipped Makhleb.
Makhleb was exalted by your worship.
You were not hungry.

You visited 12 branches of the dungeon, and saw 54 of its levels.
You visited the Abyss 1 time.
You visited 1 ziggurat, and saw 3 of its levels.
You also visited: Ossuary, Ice Cave and Volcano.

You collected 10245 gold pieces.
You spent 1592 gold pieces at shops.

Inventory:

Hand Weapons
 a - a +1 rapier of electrocution (weapon)
 b - a +6 quick blade
 d - a +4 eudemon blade of holy wrath
 t - a +0 demon blade of flaming
Missiles
 y - 3 throwing nets (quivered)
Armour
 k - quicksilver dragon scales (worn)
 m - a +2 hat (worn)
 J - a +1 buckler of cold resistance (worn)
 O - a +2 cloak of invisibility (worn)
 U - +3 swamp dragon scales
Rods
 V - a +5 rod of inaccuracy (17/17)
   (You found it on level 1 of the Lair of Beasts)
Jewellery
 i - the amulet of Vitality {Regen+ HP+15}
   (You found it on level 2 of the Crypt)

   [amulet of regeneration]

   It affects your health (+15).
   It increases your rate of regeneration.
 r - an uncursed ring of protection from cold
 u - the ring of Giucoa Jiadgh (left hand) {rPois Stlth+}
   (You took it off a deep elf high priest on level 3 of the Elven Halls)

   [ring of poison resistance]

   It protects you from poison.
   It makes you more stealthy.
 B - a +5 ring of dexterity
 M - the brooch of Shielding (around neck) {Reflect SH+8}
   (You found it in an ice cave)

   [amulet of reflection]

   It shields you and reflects attacks.
   It affects your SH (+8).
 R - the ring of Nemelex Xobeh's Envy (right hand) {rN+ Str+5 Int+3 Dex+6}
   (You bought it in a shop on level 1 of the Elven Halls)

   [ring of positive energy]

   It affects your strength (+5).
   It affects your intelligence (+3).
   It affects your dexterity (+6).
   It protects you from negative energy.
Wands
 c - a wand of acid (12/15)
 j - a wand of hasting (2/9)
 l - a wand of digging (11/24)
 v - a wand of teleportation (4/9)
 K - a wand of teleportation (2/9)
 L - a wand of paralysis (12/24)
 T - a wand of lightning (5/15)
 Y - a wand of iceblast (9/15)
Scrolls
 g - 22 scrolls of remove curse
 n - 2 scrolls of amnesia
 p - 4 scrolls of identify
 I - 3 scrolls of immolation
 P - 2 scrolls of fog
 Q - 4 scrolls of recharging
 S - 2 scrolls of silence
 W - a scroll of summoning
 Z - a scroll of holy word
Potions
 o - 3 potions of ambrosia
 q - 2 potions of might
 x - 2 potions of curing
 A - 3 potions of agility
 D - 3 potions of magic
 F - 5 potions of flight
 G - 9 potions of lignification
 H - 2 potions of brilliance
Books
 f - a Necronomicon

   Spells                             Type                      Level
   a - Haunt                          Necromancy/Summoning         7
   b - Borgnjor's Revivification      Necromancy                   8
   c - Death's Door                   Charms/Necromancy            8
   d - Infestation                    Necromancy                   8
   e - Necromutation                  Transmutation/Necromancy     8
Miscellaneous
 e - a lamp of fire
 s - a fan of gales
 E - a phial of floods
 X - a phantom mirror
Comestibles
 z - 3 fruits
 N - 8 bread rations


   Skills:
 + Level 11.3 Fighting
 - Level 12.0(17.7) Short Blades
 + Level 16.9(17.6) Long Blades
 - Level 4.7 Armour
 - Level 7.8 Dodging
 O Level 27 Stealth
 - Level 7.6 Shields
 - Level 12.1 Spellcasting
 - Level 3.3 Conjurations
 - Level 3.4 Hexes
 - Level 12.6 Charms
 - Level 7.6 Necromancy
 - Level 7.9 Translocations
 - Level 13.7 Transmutations
 - Level 7.7 Air Magic
 - Level 16.0 Earth Magic
 - Level 1.0 Poison Magic
 - Level 12.9 Invocations
 - Level 13.7 Evocations


You had 10 spell levels left.
You knew the following spells:

 Your Spells              Type           Power        Failure   Level  Hunger
a - Regeneration          Chrm/Necr      #####.....   1%          3    None
b - Blink                 Tloc           N/A          1%          2    None
c - Mephitic Cloud        Conj/Pois/Air  ###.....     10%         3    None
d - Control Undead        Necr           #####.....   6%          4    ##.....
e - Statue Form           Tmut/Erth      ######...    6%          6    ######.
f - Inner Flame           Hex/Fire       ###.....     21%         3    None
l - Deflect Missiles      Chrm/Air       #####.....   30%         6    ######.
m - Repel Missiles        Chrm/Air       #####.       1%          2    None
p - Passwall              Tmut/Erth      ######....   1%          2    None
s - Song of Slaying       Chrm           ######..     1%          2    None
w - Tukima's Dance        Hex            ###.....     12%         3    None
x - Confusing Touch       Hex            ###...       3%          1    None
z - Apportation           Tloc           #####.....   1%          1    None


Dungeon Overview and Level Annotations

Branches:
Dungeon (15/15)            Temple (1/1) D:4            Lair (6/6) D:10
  Swamp (4/4) Lair:2       Spider (4/4) Lair:4        Slime (0/5) Lair:6
    Orc (2/2) D:9             Elf (3/3) Orc:2        Vaults (5/5) D:14
  Crypt (3/3) Vaults:3       Tomb (0/3) Crypt:3      Depths (5/5) D:15
   Hell (1/1)                 Zot (5/5) Depths:5
    Dis: Hell:1         Geh: Hell:1         Coc: Hell:1         Tar: Hell:1

Altars:
Ashenzari
Cheibriados
Dithmenos
Elyvilon
Fedhas
Gozag
Hepliaklqana
Kikubaaqudgha
Makhleb
Nemelex Xobeh
Okawaru
Qazlal
Ru
Sif Muna
Trog
Uskayaw
Vehumet
Xom
Yredelemnul
Zin
The Shining One
Beogh

Shops:
D:14 !?*(*   Orc:1 :   Orc:2 *?(:   Elf:1 }}=*   Elf:2 %?   Vaults:2 =
Vaults:5 (   Depths:3 [

Portals:
Hell: Depths:1 Depths:2 Depths:3 Depths:4 Depths:5
Abyss: Depths:4
Pandemonium: Depths:1 Depths:3

Annotations:
Spider:2 Azrael
Spider:3 Bai Suzhen
Elf:3 Asterion
Vaults:5 Sojobo
Hell Geryon


Innate Abilities, Weirdness & Mutations

You are very small and have problems with some larger weapons.
You are too small for most types of armour.
You have supernaturally acute eyesight. (SInv)
You are a herbivore.
You cover ground extremely quickly.
You need consume almost no food.
You have a pair of small horns on your head.
You are partially covered in large bone plates. (SH +4)
You are partially covered in slimy green scales. (AC +2)
Your skin changes colour to match your surroundings (Stealth+).
You tend to lose your temper in combat.
You can translocate small distances at will.
Your mind is acute. (Int +2)
You are clumsy. (Dex -2)
Armour fits poorly on your strangely shaped body.
Your body often deteriorates upon taking damage.
Your magical capacity is low. (-10% MP)
You are resistant to hostile enchantments. (MR+)
Your muscles are strong. (Str +2)
You expend magic power (3 MP) to strengthen your wands.


Message History

The orb of fire is unaffected.
The curse toe is unaffected.
The ancient lich is unaffected.
The curse toe gestures.
Casting: Mephitic Cloud
Confirm with . or Enter, or press ? or * to list all spells.
Okay, then.
Unknown command.
Press: ? - help, Shift-Dir - straight line, f - deathcap
Aim: a deathcap (summoned)
Okay, then.
Okay, then.
Unknown command.
Casting: Mephitic Cloud
Confirm with . or Enter, or press ? or * to list all spells.
You blink.
A yellow draconian knight comes into view.
It is wielding a great mace of protection.
The ancient lich casts a spell.
The ancient lich seems to speed up.
The electric golem misses you. The electric golem hits you.
You die...

*▓.....X...,,,,,,,,,,***
*▓.......,,,,,,,,****
▓▓.....##▓▓▓▓▓▓▓▓▓▓▓#
*#..............d...)###
*#.....^.........q##....##
**..................###...#######
*,........*.p§.......###....^....
*,.............z.^...# ##........
*,.............8@....# #........
*,........^..........# ##.......
*,......)......^L....# #.......
*,,,,,,,,.......f*...# ##.......
**,,,,,,,......f§f..## #........
**,,,,,,.......f..## *#........
**,,,,,.........## #.........
***#############▓▓▓▓########.#
##.# #...##.........[.=...


You could see 2 orbs of fire, a Killer Klown, an electric golem, a yellow
draconian knight, an ancient lich, a yellow draconian, a curse toe, 2 deathcaps
and 2 wandering mushrooms.

Vanquished Creatures
  A juggernaut (Depths:4)
  Mennas (Depths:3)
  An ancient lich (Vaults:5)
  A caustic shrike (Depths:2)
  Margery (Depths:3)
  A Killer Klown (Zig:3)
  A bone dragon (Crypt:3)
  A profane servitor (Crypt:3)
  the Enchantress (Depths:2)
  Nikola (Spider:3)
  Arachne (Spider:4)
  4 tentacled monstrosities
  9 liches
  An Ice Fiend (IceCv)
  9 Orb Guardians (Zot:5)
  3 deep elf blademasters
  A quicksilver dragon (Zot:5)
  4 titans
  A tentacled starspawn (Abyss:3)
  A deep elf master archer (Elf:3)
  3 sphinxes
  2 death cobs
  5 ancient champions
  6 shadow dragons
  Roxanne (Elf:3)
  2 thorn hunters
  8 storm dragons
  4 revenants
  10 tengu reavers
  4 draconian monks (Zot:5)
  5 frost giants
  6 vault wardens
  A draconian knight (Depths:5)
  2 iron dragons
  11 fire giants
  3 ghost moths (Spider:4)
  4 draconian zealots
  5 deep elf sorcerers
  4 emperor scorpions
  A draconian shifter (Depths:5)
  A reaper (Crypt:2)
  Aizul (Spider:4)
  7 deep elf elementalists
  3 curse skulls
  Louise (Spider:1)
  A draconian annihilator (Zot:5)
  13 stone giants
  15 very ugly things
  An orc warlord (Orc:1)
  9 ghouls
  4 spriggan defenders
  14 ironheart preservers
  3 green draconians
  8 entropy weavers
  6 vampire knights
  7 deep elf demonologists
  3 lorocyprocas (Depths:1)
  A white draconian (Depths:5)
  3 red draconians (Zot:5)
  11 deep elf annihilators
  2 black draconians
  2 purple draconians (Zot:5)
  2 spark wasps
  A dire elephant (Lair:6)
  A blizzard demon (Depths:1)
  Snorg (D:14)
  A deep elf death mage (Elf:2)
  11 ettins
  3 eidola
  A mummy priest (Crypt:3)
  8 fire dragons
  A quicksilver dragon zombie (Crypt:1)
  A crystal guardian (Vaults:5)
  A merfolk javelineer (Depths:4)
  10 yaktaur captains
  4 jiangshi
  Josephine (Orc:1)
  A quicksilver dragon skeleton (Crypt:2)
  9 deep elf high priests
  31 vault guards
  4 great orbs of eyes
  15 hydras
  8 rakshasas
  8 centaur warriors
  11 ice dragons
  9 spriggan air magi
  A catoblepas (Lair:6)
  6 death knights
  16 ogre magi
  A large abomination (Elf:3)
  6 deep troll shamans
  20 death yaks
  5 deep troll earth magi
  4 alligators
  28 dancing weapons
  5 tengu warriors
  16 spriggans
  4 vampire magi
  3 hell knights (Depths:3)
  2 titan zombies
  Urug (Lair:5)
  5 spriggan berserkers
  3 soul eaters
  18 deep elf knights
  43 slime creatures
  19 skeletal warriors
  3 iron trolls
  5 shadow wraiths
  4 sun demons
  A shadow demon (Depths:2)
  A fire crab (Lair:5)
  3 fire crabs (shapeshifter)
  A wretched star (Abyss:5)
  5 flayed ghosts
  The ghost of cheese the Basher, a novice FoFi of Okawaru (D:7)
  2 unseen horrors
  An anaconda zombie (Crypt:1)
  A salamander mystic (Depths:3)
  17 deep trolls
  A hill giant (shapeshifter) (Vaults:5)
  19 deep elf archers
  7 wizards
  3 glowing orange brains
  17 orc knights
  5 swamp dragons
  13 ironbrand convokers
  A sphinx zombie (Vaults:2)
  13 phantasmal warriors
  An obsidian statue (Depths:2)
  4 harpies (Vaults:4)
  3 shambling mangroves
  3 hill giants
  60 deep elf magi
  6 necromancers
  22 orb spiders
  2 wolf spider zombies
  A mana viper (shapeshifter) (D:15)
  An oklob plant (Lair:6)
  A wolf spider (shapeshifter) (Depths:1)
  5 orc sorcerers
  4 salamanders (shapeshifter)
  A frost giant zombie (Crypt:2)
  63 ugly things
  2 salamanders (Depths:3)
  42 wolf spiders
  6 cyclopes
  6 moths of wrath
  A moth of wrath (shapeshifter) (Vaults:5)
  2 manticores
  A shadow dragon skeleton (Crypt:2)
  4 black mambas
  20 elephants
  A rust devil (Depths:2)
  2 smoke demons
  Maurice (D:10)
  4 molten gargoyles (Elf:2)
  4 torpor snails
  2 centaur skeletons
  18 spiny frogs
  13 vault sentinels
  3 centaur zombies
  An orange demon (Depths:2)
  A storm dragon simulacrum (Vaults:2)
  2 gargoyles
  4 komodo dragons
  3 kobold demonologists
  A tengu conjurer (Depths:1)
  2 rime drakes
  48 yaktaurs
  3 anaconda simulacra (IceCv)
  7 ice devils
  An efreet (Volcano)
  7 guardian mummies
  20 freezing wraiths
  2 golden dragon simulacra (IceCv)
  A polar bear (shapeshifter) (Vaults:1)
  A hydra zombie (Crypt:1)
  2 sea snake skeletons
  23 demonic crawlers
  A green draconian skeleton (Crypt:1)
  A hellwing (Depths:1)
  A black draconian skeleton (Crypt:3)
  27 hornets
  38 jumping spiders
  A shadow dragon simulacrum (Crypt:3)
  3 polar bears
  A moth of wrath zombie (Crypt:3)
  A jumping spider (shapeshifter) (Vaults:4)
  12 meliai
  A red devil (Depths:1)
  9 trolls
  6 tyrant leeches
  20 blink frogs
  A hydra skeleton (Crypt:3)
  A death drake skeleton (Crypt:3)
  A jumping spider zombie (Crypt:1)
  Grinder (D:6)
  A fire dragon zombie (Crypt:1)
  2 hornets (shapeshifter)
  29 two-headed ogres
  6 bog bodies
  A raiju (Abyss:3)
  Sigmund (D:6)
  A frost giant simulacrum (Crypt:1)
  2 human simulacra
  10 hippogriffs
  15 wraiths
  9 air elementals
  A dire elephant simulacrum (IceCv)
  68 redbacks
  3 shadows
  5 wyverns
  2 water elementals
  A fire dragon skeleton (Crypt:1)
  28 tarantellas
  An ushabti (Crypt:3)
  8 fire elementals
  3 basilisks
  3 fire bats (Elf:2)
  2 chaos spawn
  39 yaks
  3 small abominations
  2 hogs (shapeshifter)
  A death yak simulacrum (IceCv)
  2 humans (shapeshifter)
  2 neqoxecs
  A swamp worm simulacrum (Swamp:4)
  4 hungry ghosts
  2 yaktaur simulacra (Vaults:1)
  13 vampire mosquitoes
  Menkaure (D:5)
  4 mottled dragons
  18 wargs
  6 harpy simulacra (IceCv)
  7 soldier ants
  13 swamp worms
  3 hell hounds
  3 iron troll simulacra (IceCv)
  A swamp worm (shapeshifter) (Vaults:4)
  A merfolk skeleton (Crypt:2)
  10 porcupines
  10 hydra simulacra (Swamp:4)
  6 water moccasins
  5 swamp drakes
  3 black bears
  2 eyes of draining
  A necrophage (Crypt:1)
  A spiny frog skeleton (Crypt:3)
  An ice beast (D:9)
  4 sky beasts
  60 orc warriors
  5 phantoms
  An alligator simulacrum (Crypt:1)
  A wolf (shapeshifter) (Elf:2)
  50 ogres
  14 wolves
  7 boggarts
  19 centaurs
  15 crocodiles
  2 human zombies
  4 big kobolds (D:11)
  A bullfrog (shapeshifter) (Vaults:1)
  A wyvern zombie (D:12)
  7 earth elementals
  An elf skeleton (Crypt:2)
  2 gnoll sergeants (D:6)
  2 human skeletons
  10 bullfrogs
  A yaktaur skeleton (Crypt:3)
  A wyvern skeleton (Crypt:2)
  3 scorpions
  4 killer bees (D:12)
  A troll zombie (Crypt:3)
  8 wights
  A polar bear skeleton (Crypt:1)
  An electric eel (Lair:2)
  A yak skeleton (Crypt:2)
  2 howler monkeys
  20 crimson imps
  2 bullfrog zombies
  2 draconian simulacra (IceCv)
  2 quasits
  4 hounds
  4 jellies
  39 orc wizards
  20 orc priests
  6 iron imps
  3 bullfrog skeletons
  6 iguanas
  A black bear skeleton (Crypt:3)
  A porcupine zombie (Crypt:1)
  3 troll simulacra (IceCv)
  4 hell rats (Depths:5)
  23 worker ants
  A polar bear simulacrum (IceCv)
  2 spriggan simulacra (IceCv)
  A killer bee zombie (D:10)
  2 wolf simulacra (IceCv)
  2 centaur simulacra (IceCv)
  A mottled dragon skeleton (Crypt:1)
  A felid skeleton (Crypt:1)
  4 hound zombies
  3 hound skeletons
  16 mummies
  A howler monkey skeleton (Crypt:3)
  14 gnolls
  16 adders
  A naga simulacrum (IceCv)
  4 ogre simulacra
  A steam dragon skeleton (Crypt:2)
  5 shadow imps
  12 white imps
  5 ufetubi
  2 oozes (D:3)
  2 swamp drake simulacra (Swamp:4)
  4 worms
  9 leopard geckos
  145 orcs
  A ball python (D:6)
  10 bats
  4 giant cockroaches
  7 gnoll zombies (Ossuary)
  11 goblins
  5 hobgoblins
  18 jackals
  6 quokkas
  A ball python zombie (Crypt:2)
  3 frilled lizards
  3 gnoll skeletons (Ossuary)
  4 goblin skeletons (Ossuary)
  3 goblin zombies (Ossuary)
  2 hobgoblin skeletons (Ossuary)
  2 hobgoblin zombies (Ossuary)
  A jackal zombie (D:8)
  9 kobolds
  4 kobold skeletons
  A leopard gecko skeleton (D:4)
  3 orc zombies (Ossuary)
  A quokka skeleton (D:6)
  13 rats
  4 rat skeletons (Ossuary)
  2 rat zombies (Ossuary)
  2 fungi (Lair:6)
  A plant (Lair:6)
  A starspawn tentacle (Abyss:3)
2396 creatures vanquished.

Vanquished Creatures (collateral kills)
  3 ancient champions (Crypt:3)
  An azure jelly (Swamp:4)
  A ghoul (Crypt:1)
  An ironheart preserver (Vaults:2)
  A stone giant (Volcano)
  2 white draconians (Depths:5)
  A yellow draconian (Depths:5)
  An ettin (Depths:5)
  A mummy priest (Crypt:3)
  A jiangshi (Crypt:2)
  A hydra (Swamp:2)
  2 ice dragons (Swamp:4)
  A quicksilver dragon skeleton (Crypt:3)
  2 death knights
  A queen ant (Lair:2)
  A deep troll shaman (Depths:5)
  5 skeletal warriors
  2 necromancers
  A wolf spider (Spider:3)
  A shadow dragon skeleton (Crypt:1)
  2 ugly things
  A frost giant skeleton (Crypt:3)
  Psyche (D:10)
  A vault sentinel (Vaults:3)
  3 spiny frogs
  An apocalypse crab (Zig:3)
  2 freezing wraiths
  3 guardian mummies
  A jumping spider (Spider:3)
  A slime creature (Depths:3)
  2 hornets
  A bog body (Crypt:2)
  A redback (Spider:2)
  A blink frog (Lair:3)
  A tarantella (shapeshifter) (Vaults:4)
  A wraith (Vaults:3)
  4 yaks
  2 fire elementals (Spider:2)
  A hill giant skeleton (Crypt:1)
  5 vampire mosquitoes (Swamp:3)
  4 swamp worm simulacra (Swamp:4)
  6 soldier ants (Lair:2)
  2 hydra simulacra (Swamp:4)
  A porcupine (Lair:1)
  2 orc warriors
  A swamp drake (Swamp:3)
  An ogre (D:9)
  A crocodile (Lair:5)
  3 bullfrogs
  A water moccasin zombie (Crypt:1)
  An orc wizard (D:8)
  20 worker ants (Lair:2)
  A river rat (D:10)
  A swamp drake simulacrum (Swamp:4)
  7 orcs
117 creatures vanquished.

Vanquished Creatures (others)
  An ironheart preserver (Vaults:4)
  A vampire knight (Depths:1)
  2 stone giants
  A deep elf demonologist (Elf:1)
  A deep elf death mage (Elf:3)
  5 yaktaur captains
  A shadow wraith (Crypt:3)
  A flayed ghost (Depths:3)
  2 deep elf archers
  A deep elf mage (Elf:1)
  An ironbrand convoker (Vaults:4)
  2 orb spiders (Spider:4)
  A cyclops (D:12)
  A moth of wrath (Zot:2)
  An orange demon (Depths:2)
  A small abomination (Elf:1)
  11 yaktaurs
  A jumping spider (Spider:4)
  2 slime creatures (Depths:3)
  A blink frog (Swamp:4)
  2 redbacks (Spider:4)
  A tarantella (Spider:4)
  An orc warrior (Elf:1)
  3 ogres
  An orc priest (Elf:1)
  A white imp (IceCv)
  2 orcs
  3 goblin skeletons (Ossuary)
  2 hobgoblin skeletons (Ossuary)
  4 hobgoblin zombies (Ossuary)
  A kobold skeleton (Ossuary)
  2 kobold zombies (Ossuary)
  3 rat skeletons (Ossuary)
  2 rat zombies (Ossuary)
  A crawling corpse (Elf:1)
  22 fungi
  13 plants
  5 starspawn tentacles (Abyss:3)
107 creatures vanquished.

Grand Total: 2620 creatures vanquished

Notes
Turn   | Place    | Note
-------+----------+-------------------------------------------
     0 | D:1      | Grinner the Spriggan Monk began the quest for the Orb.
     0 | D:1      | Reached XP level 1. HP: 11/11 MP: 2/2
   156 | D:1      | Reached XP level 2. HP: 6/16 MP: 3/3
   710 | D:1      | Reached XP level 3. HP: 13/19 MP: 4/4
   943 | D:2      | Reached skill level 5 in Short Blades
  1208 | D:2      | Found a shattered altar of Ashenzari.
  1684 | D:2      | Reached XP level 4. HP: 23/23 MP: 5/5
  2264 | D:3      | Reached XP level 5. HP: 27/27 MP: 6/6
  2400 | D:3      | Found a blossoming altar of Fedhas.
  3122 | D:3      | Noticed a moth of wrath
  3125 | D:3      | Found a bloodstained altar of Trog.
  3145 | D:3      | Reached skill level 1 in Shields
  3390 | D:4      | Reached XP level 6. HP: 14/32 MP: 7/7
  3585 | D:4      | Got a bloodstained robe
  3664 | D:3      | Reached skill level 1 in Long Blades
  3917 | D:3      | Reached skill level 5 in Dodging
  5089 | D:4      | Found a staircase to the Ecumenical Temple.
  5097 | Temple   | Entered the Ecumenical Temple
  5194 | Temple   | Became a worshipper of Makhleb the Destroyer
  5194 | Temple   | Reached * piety under Makhleb
  5194 | Temple   | Reached ** piety under Makhleb
  5336 | D:4      | Reached XP level 7. HP: 35/35 MP: 8/8
  5379 | D:5      | Entered Level 5 of the Dungeon
  5773 | D:5      | HP: 1/35 [crimson imp (2)]
  6705 | D:5      | Reached XP level 8. HP: 39/39 MP: 9/9
  7063 | D:5      | Noticed Menkaure
  7077 | D:5      | Killed Menkaure
  7239 | D:6      | Reached *** piety under Makhleb
  7463 | D:6      | Noticed a troll
  7465 | D:6      | Noticed Grinder
  7680 | D:6      | Identified the +2 robe of a Hundred Spirits {rF+ Int+6 Dex+2} (You found it on level 4 of the Dungeon)
  8352 | D:6      | Reached skill level 1 in Invocations
  8380 | D:6      | Noticed Sigmund
  8382 | D:6      | Killed Sigmund
  8382 | D:6      | Reached XP level 9. HP: 43/43 MP: 9/11
  8424 | D:6      | Paralysed by Grinder for 4 turns
  8432 | D:6      | Reached skill level 4 in Stealth
  8446 | D:6      | Killed a troll
  8457 | D:6      | Killed Grinder
  8457 | D:6      | Reached skill level 5 in Stealth
  8472 | D:6      | Reached skill level 10 in Short Blades
  8655 | D:7      | Reached skill level 6 in Stealth
  8816 | D:7      | Found a shadowy altar of Dithmenos.
  9697 | D:7      | Reached skill level 7 in Stealth
  9760 | D:7      | Noticed cheese's ghost (novice FoFi)
  9763 | D:7      | Reached **** piety under Makhleb
  9785 | D:7      | Killed cheese's ghost
  9785 | D:7      | Reached skill level 5 in Shields
  9865 | D:7      | Reached XP level 10. HP: 39/47 MP: 14/14
  9939 | D:7      | Found a shadowy altar of Dithmenos.
 10120 | D:8      | Reached skill level 8 in Stealth
 10206 | D:8      | Found a sand-covered staircase.
 10259 | Ossuary  | Entered an ossuary
 11107 | D:8      | Found a sacrificial altar of Ru.
 11204 | D:8      | Reached ***** piety under Makhleb
 11288 | D:8      | Learned a level 2 spell: Song of Slaying
 11292 | D:8      | Learned a level 3 spell: Regeneration
 11527 | D:9      | Found a staircase to the Orcish Mines.
 11539 | D:9      | Found a roughly hewn altar of Beogh.
 11648 | D:9      | Reached skill level 1 in Spellcasting
 11750 | D:9      | Reached skill level 1 in Charms
 11811 | D:9      | Reached skill level 1 in Necromancy
 11882 | D:9      | Found a shadowy altar of Dithmenos.
 12039 | D:9      | Found a stormy altar of Qazlal.
 12039 | D:9      | Found an iron altar of Okawaru.
 12125 | D:9      | Reached skill level 9 in Stealth
 12261 | D:10     | Entered Level 10 of the Dungeon
 12435 | D:10     | Found a staircase to the Lair.
 12435 | D:10     | Noticed Maurice
 12443 | D:10     | Killed Maurice
 12448 | D:10     | Noticed a spiny frog
 12480 | D:10     | Killed a spiny frog
 12659 | D:10     | Noticed Psyche
 12663 | D:10     | Killed Psyche
 12819 | Lair:1   | Entered Level 1 of the Lair of Beasts
 12952 | Lair:1   | Reached XP level 11. HP: 50/51 MP: 18/18
 12978 | Lair:1   | Found a dark tunnel.
 12987 | Volcano  | Entered a volcano
 13006 | Volcano  | Reached skill level 1 in Evocations
 13138 | Volcano  | Noticed a stone giant
 13142 | Volcano  | Killed a stone giant
 13142 | Volcano  | Reached skill level 5 in Spellcasting
 13315 | Lair:1   | Identified a +0 rod of inaccuracy (14/14) (You found it on level 1 of the Lair of Beasts)
 13478 | Lair:1   | Noticed a five-headed hydra
 13514 | Lair:1   | Killed a two-headed hydra
 13514 | Lair:1   | Reached skill level 5 in Long Blades
 14000 | Lair:2   | Found a staircase to the Swamp.
 14110 | Lair:2   | Noticed a queen ant
 14159 | Lair:2   | Reached skill level 10 in Stealth
 14165 | Lair:2   | Killed a queen ant
 14240 | Lair:2   | Reached skill level 5 in Charms
 14528 | Lair:2   | Learned a level 2 spell: Blink
 14531 | Lair:2   | Learned a level 2 spell: Repel Missiles
 14533 | Lair:2   | Learned a level 1 spell: Confusing Touch
 15044 | Lair:2   | Noticed a six-headed hydra
 15070 | Lair:2   | Killed a six-headed hydra
 15070 | Lair:2   | Reached XP level 12. HP: 56/56 MP: 23/23
 15353 | Lair:3   | Noticed an eight-headed hydra
 15357 | Lair:3   | Killed an eight-headed hydra
 15509 | Lair:3   | Reached skill level 1 in Hexes
 15509 | Lair:3   | Reached skill level 1 in Translocations
 15521 | Lair:3   | Noticed a five-headed hydra
 15530 | Lair:3   | Reached skill level 1 in Air Magic
 15545 | Lair:3   | Killed a four-headed hydra
 15800 | Lair:3   | Got a vibrating bronze amulet
 15844 | Lair:3   | Identified the amulet of Kiuliok {+Rage Int+4} (You found it on level 3 of the Lair of Beasts)
 15880 | Lair:3   | Reached skill level 11 in Stealth
 16423 | Lair:4   | Found a hole to the Spider Nest.
 16469 | Lair:4   | Noticed an eight-headed hydra
 16475 | Lair:4   | Killed an eight-headed hydra
 16531 | Lair:4   | Reached skill level 5 in Evocations
 16651 | Lair:4   | Found a radiant altar of Vehumet.
 16775 | Lair:4   | Learned a level 3 spell: Mephitic Cloud
 17147 | Lair:4   | Noticed a four-headed hydra
 17172 | Lair:4   | Killed a one-headed hydra
 17341 | Lair:4   | Reached ****** piety under Makhleb
 17354 | Lair:4   | Reached skill level 12 in Stealth
 17982 | Lair:5   | Reached skill level 5 in Translocations
 17983 | Lair:5   | Noticed Urug
 18013 | Lair:5   | Killed Urug
 18013 | Lair:5   | Reached XP level 13. HP: 59/59 MP: 13/25
 19105 | Lair:5   | Reached skill level 13 in Stealth
 19609 | Lair:6   | Entered Level 6 of the Lair of Beasts
 19616 | Lair:6   | Found a staircase to the Slime Pits.
 19953 | Lair:6   | Got a crystal dagger
 19997 | Lair:6   | Identified the +4 dagger "Cefo" {pierce, *Slow rF++ Stlth+} (You found it on level 6 of the Lair of Beasts)
 20358 | Lair:6   | Reached XP level 14. HP: 63/63 MP: 26/26
 20363 | Lair:6   | Reached skill level 1 in Conjurations
 20940 | Lair:6   | Reached skill level 14 in Stealth
 21479 | Lair:6   | Reached skill level 10 in Long Blades
 22044 | Orc:1    | Entered Level 1 of the Orcish Mines
 22044 | Orc:1    | Noticed an orc warlord
 22054 | Orc:1    | Killed an orc warlord
 22529 | Orc:1    | Noticed Josephine
 22540 | Orc:1    | Killed Josephine
 23213 | Orc:2    | Entered Level 2 of the Orcish Mines
 23215 | Orc:2    | Found a burning altar of Makhleb.
 23556 | Orc:2    | Reached skill level 10 in Evocations
 23600 | Orc:2    | Found a staircase to the Elven Halls.
 24356 | Orc:2    | Found Yruc's Assorted Antiques.
 24356 | Orc:2    | Found Visud's Magic Scroll Shoppe.
 24411 | Orc:2    | Found Zunifuba's Book Shoppe.
 24452 | Orc:2    | Found Nunotorch's Weapon Shop.
 25039 | Orc:2    | Reached skill level 15 in Stealth
 25134 | Orc:2    | Found a roughly hewn altar of Beogh.
 25345 | Orc:2    | Bought a scroll of enchant weapon for 262 gold pieces
 25358 | Orc:2    | Bought a scroll of identify for 30 gold pieces
 25413 | Orc:1    | Found Ziluam's Book Emporium.
 25461 | Orc:1    | Learned a level 1 spell: Apportation
 25468 | Orc:1    | Learned a level 6 spell: Deflect Missiles
 25741 | Spider:1 | Entered Level 1 of the Spider Nest
 25747 | Spider:1 | Reached XP level 15. HP: 71/71 MP: 27/27
 25750 | Spider:1 | Reached skill level 5 in Fighting
 25785 | Spider:1 | Noticed Louise
 25789 | Spider:1 | Killed Louise
 25789 | Spider:1 | Reached skill level 1 in Poison Magic
 25929 | Spider:1 | Learned a level 3 spell: Inner Flame
 27723 | Spider:2 | Noticed Azrael
 28292 | Spider:3 | Noticed Bai Suzhen
 29052 | Spider:2 | Reached skill level 16 in Stealth
 30028 | Spider:4 | Entered Level 4 of the Spider Nest
 30277 | Spider:4 | Reached XP level 16. HP: 66/77 MP: 29/29
 30586 | Spider:3 | Noticed Nikola
 30600 | Spider:3 | Killed Nikola
 30608 | Spider:3 | Gained mutation: Your muscles are strong. (Str +2) [potion of mutation]
 30608 | Spider:3 | Lost mutation: Your muscles are strong. (Str +2) [potion of mutation]
 30608 | Spider:3 | Gained mutation: You can translocate small distances at will. [potion of mutation]
 30629 | Spider:4 | Noticed Arachne
 31029 | Swamp:1  | Entered Level 1 of the Swamp
 31433 | Elf:1    | Entered Level 1 of the Elven Halls
 31618 | Elf:1    | Found Xotunu's Gadget Boutique.
 31653 | Elf:1    | Found Nitixom's Jewellery Shoppe.
 31654 | Elf:1    | Found Ymmudgh's Gadget Boutique.
 31736 | Elf:1    | Reached skill level 5 in Air Magic
 31820 | Elf:1    | Found a frozen archway.
 31832 | IceCv    | Entered an ice cave
 32553 | IceCv    | Noticed an Ice Fiend
 32700 | IceCv    | Killed an Ice Fiend
 32700 | IceCv    | Reached skill level 5 in Invocations
 33220 | IceCv    | Learned a level 4 spell: Control Undead
 36426 | D:14     | Found Ifeinkam's Distillery.
 36616 | D:13     | Reached skill level 17 in Stealth
 36787 | D:14     | Found Necuar's Magic Scroll Shop.
 36793 | D:14     | Bought a scroll of enchant armour for 127 gold pieces
 36827 | D:14     | Found Uckuufoi's Antique Weapon Emporium.
 36852 | D:14     | Noticed Snorg
 36930 | D:14     | Killed Snorg
 37113 | D:14     | Found Tuenurie's Assorted Antiques.
 37377 | D:14     | Found Yczeomno's General Store.
 37380 | D:14     | Bought a potion of mutation for 30 gold pieces
 37380 | D:14     | Gained mutation: Armour fits poorly on your strangely shaped body. [potion of mutation]
 37380 | D:14     | Gained mutation: You are resistant to hostile enchantments. (MR+) [potion of mutation]
 37381 | D:14     | Bought a +2 rapier of holy wrath for 230 gold pieces
 37561 | D:14     | Found a gate to the Vaults.
 37731 | D:15     | Entered Level 15 of the Dungeon
 37760 | D:15     | Reached XP level 17. HP: 84/84 MP: 31/31
 37981 | D:15     | Reached skill level 10 in Spellcasting
 38170 | D:15     | Found a staircase to the Depths.
 39419 | Swamp:1  | Gained mutation: Your muscles are strong. (Str +2) [potion of mutation]
 39419 | Swamp:1  | Gained mutation: Your mind is acute. (Int +2) [potion of mutation]
 39737 | Swamp:1  | You fall through a shaft!
 39893 | Swamp:2  | HP: 2/85 [spiny frog (22)]
 40738 | Swamp:3  | Identified a scroll of acquirement
 40739 | Swamp:3  | Got fine ice dragon scales
 40750 | Swamp:3  | Identified the +0 ice dragon scales of Toteatuar {rF- rC++ Str+2 Int-2 Slay+5 Stlth+} (You acquired it on level 3 of the Swamp)
 41715 | Swamp:4  | Entered Level 4 of the Swamp
 42507 | Swamp:4  | Got a decaying rune of Zot
 43022 | Spider:3 | Reached skill level 18 in Stealth
 43695 | Spider:4 | Reached XP level 18. HP: 79/91 MP: 31/34
 43749 | Spider:4 | Killed Arachne
 44086 | Spider:4 | Gained mutation: Your magical capacity is low. (-10% MP) [potion of mutation]
 44086 | Spider:4 | Gained mutation: You are partially covered in large bone plates. (SH +4) [potion of mutation]
 44087 | Spider:4 | Gained mutation: You have a pair of small horns on your head. [potion of beneficial mutation]
 44116 | Spider:4 | Reached skill level 5 in Necromancy
 44278 | Spider:4 | Noticed Aizul
 44286 | Spider:4 | Killed Aizul
 44646 | Spider:4 | Got a gossamer rune of Zot
 45087 | Vaults:1 | Entered Level 1 of the Vaults
 46474 | Vaults:1 | Reached skill level 19 in Stealth
 47569 | Vaults:2 | Found Socw's Jewellery Shop.
 47830 | Elf:1    | Cast into level 3 of the Abyss (halberd of distortion)
 47963 | Abyss:3  | Gained mutation: You are partially covered in slimy green scales. (AC +2) [a neqoxec]
 48009 | Abyss:4  | Found a snail-covered altar of Cheibriados.
 48028 | Abyss:5  | Entered Level 5 of the Abyss
 48126 | Abyss:5  | Noticed a lich
 48130 | Elf:1    | Escaped the Abyss
 48460 | Elf:1    | Bought the ring of Nemelex Xobeh's Envy {rN+ Str+5 Int+3 Dex+6} for 733 gold pieces
 48994 | Elf:1    | Gained mutation: You are clumsy. (Dex -2) [a neqoxec]
 48996 | Elf:1    | Gained mutation: You expend magic power (3 MP) to strengthen your wands. [a neqoxec]
 49002 | Elf:1    | Gained mutation: Your body sometimes deteriorates upon taking damage. [a neqoxec]
 49008 | Elf:1    | Noticed a Hell Sentinel
 49373 | Elf:1    | Noticed a Brimstone Fiend
 49380 | Elf:1    | Reached XP level 19. HP: 95/95 MP: 32/32
 49713 | Elf:1    | Found Vusmu's General Store.
 50500 | Elf:2    | Reached skill level 15 in Long Blades
 50971 | Elf:2    | Found Pethy's Magic Scroll Shop.
 50971 | Elf:2    | Found Gyadi's Food Boutique.
 50996 | Elf:2    | Bought a scroll of enchant weapon for 90 gold pieces
 50996 | Elf:2    | Bought a scroll of enchant armour for 90 gold pieces
 51622 | Elf:2    | Found a runed gate.
 51622 | Elf:2    | Found a runed gate.
 51625 | Elf:2    | Found a runed gate.
 52493 | Elf:3    | Entered Level 3 of the Elven Halls
 52858 | Elf:3    | Noticed Roxanne
 53008 | Elf:3    | Killed Roxanne
 53014 | Elf:3    | Identified Roxanne's Catalogue of Transmigration (You took it off Roxanne on level 3 of the Elven Halls)
 53023 | Elf:3    | Learned a level 6 spell: Statue Form
 53106 | Elf:3    | Reached skill level 1 in Transmutations
 53130 | Elf:3    | Reached skill level 1 in Earth Magic
 53506 | Elf:2    | Reached skill level 10 in Invocations
 54496 | Elf:3    | Got a pitted lapis lazuli ring
 55030 | Elf:3    | Identified the ring of Giucoa Jiadgh {rPois Stlth+} (You took it off a deep elf high priest on level 3 of the Elven Halls)
 55267 | Elf:3    | Got a fine brass amulet
 55268 | Elf:3    | Identified the amulet "Wyuden" {Faith MR+ Slay+3} (You took it off a deep elf elementalist on level 3 of the Elven Halls)
 55386 | Elf:3    | Learned a level 3 spell: Tukima's Dance
 55443 | Elf:3    | Reached skill level 5 in Transmutations
 55582 | Elf:3    | Noticed Asterion
 55985 | Vaults:1 | Reached XP level 20. HP: 89/101 MP: 33/33
 56101 | Vaults:2 | Reached skill level 20 in Stealth
 56710 | Vaults:2 | Reached skill level 1 in Armour
 58754 | Vaults:3 | Found a staircase to the Crypt.
 60030 | Crypt:1  | Entered Level 1 of the Crypt
 60094 | Crypt:1  | Reached skill level 21 in Stealth
 61108 | Crypt:2  | Reached XP level 21. HP: 105/105 MP: 15/34
 61164 | Crypt:2  | Reached skill level 10 in Transmutations
 61639 | Crypt:2  | Reached skill level 5 in Earth Magic
 62997 | Depths:1 | Entered Level 1 of the Depths
 63053 | Depths:1 | Found a shattered altar of Ashenzari.
 63279 | Depths:1 | Found a one-way gate leading to the halls of Pandemonium.
 64096 | Depths:1 | Found a gateway to Hell.
 64322 | Depths:2 | Reached skill level 22 in Stealth
 67175 | Vaults:4 | Reached skill level 23 in Stealth
 67311 | Vaults:4 | Reached XP level 22. HP: 101/109 MP: 35/35
 68261 | Vaults:4 | Reached skill level 10 in Charms
 68364 | Vaults:5 | Entered Level 5 of the Vaults
 69736 | Depths:2 | Noticed the Enchantress
 69787 | Depths:2 | Killed the Enchantress
 69849 | Depths:2 | Noticed a caustic shrike
 69864 | Depths:2 | Killed a caustic shrike
 69894 | Depths:2 | Got faerie dragon scales
 69925 | Depths:2 | Identified the +6 faerie dragon scales {Int+2} (You took it off the Enchantress on level 2 of the Depths)
 70471 | Depths:2 | Learned a level 2 spell: Passwall
 70771 | Depths:2 | Found a gateway to a ziggurat.
 70870 | Depths:2 | Identified Sif Muna's Compendium of Attacks
 70929 | Depths:2 | Reached skill level 24 in Stealth
 70961 | Zig:1    | Entered Level 1 of a ziggurat
 70988 | Zig:1    | Identified the +0 robe of Freedom {-Tele rF+ MR+} (You found it on level 1 of a ziggurat)
 70991 | Zig:2    | Entered Level 2 of a ziggurat
 71043 | Zig:3    | Entered Level 3 of a ziggurat
 71043 | Zig:3    | Noticed a Killer Klown
 71058 | Zig:3    | Killed a Killer Klown
 71473 | Depths:3 | Noticed Mennas
 71493 | Depths:3 | Found Heuch's Antique Armour Emporium.
 71527 | Depths:3 | Killed Mennas
 71643 | Depths:4 | Found a one-way gate to the infinite horrors of the Abyss.
 71708 | Depths:4 | Noticed a juggernaut
 73058 | Crypt:2  | Got a polished lajatang {freeze}
 73059 | Crypt:2  | Identified the +8 lajatang of Law {freeze, rElec rN+ Str+6} (You took it off a guardian mummy on level 2 of the Crypt)
 73163 | Crypt:3  | Entered Level 3 of the Crypt
 73459 | Crypt:3  | Reached XP level 23. HP: 114/114 MP: 33/36
 73512 | Crypt:3  | Reached skill level 25 in Stealth
 73997 | Crypt:3  | Found a staircase to the Tomb.
 74739 | Crypt:3  | Found a basalt altar of Yredelemnul.
 75161 | Crypt:3  | Reached skill level 26 in Stealth
 75475 | Crypt:3  | Found an ancient bone altar of Kikubaaqudgha.
 75487 | Crypt:3  | Identified the Almanac of Earthen Poison
 75548 | Crypt:3  | Identified the Disquisition on Sinister Magic
 76927 | Vaults:5 | Found Gikasigu's Weapon Shop.
 76950 | Vaults:5 | Reached skill level 27 in Stealth
 77089 | Vaults:5 | Reached skill level 10 in Earth Magic
 77641 | Vaults:5 | Noticed an ancient lich
 77660 | Vaults:5 | Killed an ancient lich
 77875 | Vaults:5 | Identified the Handbook of Enchantment and Air
 78155 | Vaults:5 | Reached XP level 24. HP: 89/118 MP: 36/36
 78504 | Vaults:5 | Noticed Sojobo
 78659 | Vaults:5 | Gained mutation: Your skin changes colour to match your surroundings (Stealth+). [potion of beneficial mutation]
 78729 | Vaults:5 | Got a silver rune of Zot
 79431 | Depths:3 | Noticed Margery
 79442 | Depths:3 | Killed Margery
 79884 | Depths:4 | Killed a juggernaut
 81161 | Depths:4 | Reached skill level 15 in Earth Magic
 81625 | Depths:5 | Entered Level 5 of the Depths
 82936 | Hell     | Entered the Vestibule of Hell
 82936 | Hell     | Noticed Geryon
 83449 | Depths:5 | Noticed a juggernaut
 83659 | Depths:5 | Found a gate to the Realm of Zot.
 84010 | Depths:5 | Reached skill level 10 in Fighting
 84375 | Depths:5 | Reached XP level 25. HP: 123/123 MP: 36/36
 84413 | Zot:1    | Entered Level 1 of the Realm of Zot
 84504 | Zot:5    | Entered Level 5 of the Realm of Zot
 85678 | Zot:5    | Noticed an ancient lich
 85714 | Zot:5    | Noticed an ancient lich
 85717 | Zot:5    | Noticed an orb of fire
 85725 | Zot:5    | Noticed an orb of fire
 85725 | Zot:5    | Noticed an orb of fire
 85747 | Zot:5    | Noticed an orb of fire
 85749 | Zot:5    | Gained mutation: Your body often deteriorates upon taking damage. [an orb of fire]
 85758 | Zot:5    | Gained mutation: You tend to lose your temper in combat. [an orb of fire]
 85760 | Zot:5    | Noticed an orb of fire
 85764 | Zot:5    | HP: 1/127 [orb of fire/fireball (41)]
 85766 | Zot:5    | Slain by an electric golem

Skill      XL: |  1  2  3  4  5  6  7  8  9 10 11 12 13 14 15 16 17 18 19 20 21 22 23 24 25 |
---------------+----------------------------------------------------------------------------+-----
Short Blades   | 4 5 6 7 8 9 10 11 12 | 12.0
Shields        | 1 2 4 5 6 7 |  7.6
Long Blades    | 1 2 3 4 5 7 9 10 12 13 14 15 16 | 16.9
Dodging        | 5 6 7 |  7.8
Invocations    | 1 4 5 7 9 10 11 12 | 12.9
Stealth        | 7 9 10 12 13 15 16 17 18 19 21 23 24 27 | 27.0
Spellcasting   | 4 7 8 9 11 12 | 12.1
Charms         | 3 5 6 7 9 12 | 12.6
Necromancy     | 2 3 4 6 7 |  7.6
Evocations     | 3 6 8 10 11 12 13 | 13.7
Hexes          | 1 3 |  3.4
Translocations | 5 7 |  7.9
Air Magic      | 1 4 6 7 |  7.7
Conjurations   | 3 |  3.3
Fighting       | 4 6 7 8 9 10 11 | 11.3
Poison Magic   | 1 |  1.0
Transmutations | 5 9 12 13 | 13.7
Earth Magic    | 2 4 6 7 12 16 | 16.0
Armour         | 3 4 |  4.7

Action                   |  1- 3 |  4- 6 |  7- 9 | 10-12 | 13-15 | 16-18 | 19-21 | 22-24 | 25-27 || total
-------------------------+-------+-------+-------+-------+-------+-------+-------+-------+-------++-------
Melee: Short sword       |   136 |   325 |   628 |  1419 |   897 |       |       |       |       ||  3405
       Falchion          |       |       |       |    46 |       |       |       |       |       ||    46
       Scimitar          |       |       |       |    21 |    51 |   503 |       |    23 |       ||   598
       Unarmed           |       |       |       |    25 |    77 |    89 |    62 |   127 |    11 ||   391
       Dagger            |       |       |       |       |   595 |  1069 |     1 |       |       ||  1665
       Long sword        |       |       |       |       |    51 |   181 |   382 |   230 |       ||   844
       Rapier            |       |       |       |       |       |   722 |  2274 |  1655 |    72 ||  4723
       Headbutt          |       |       |       |       |       |   200 |  1124 |  1208 |   195 ||  2727
       Quick blade       |       |       |       |       |       |       |       |   284 |   342 ||   626
       Eudemon blade     |       |       |       |       |       |       |       |   454 |       ||   454
Throw: Throwing net      |       |     2 |     3 |       |     3 |     4 |    10 |     2 |       ||    24
 Cast: Song of Slaying   |       |       |       |     1 |     2 |       |       |     1 |       ||     4
       Confusing Touch   |       |       |       |    17 |    29 |    40 |    24 |    46 |     6 ||   162
       Mephitic Cloud    |       |       |       |    15 |   111 |   131 |    29 |    36 |     6 ||   328
       Repel Missiles    |       |       |       |     1 |     1 |     1 |     2 |     2 |       ||     7
       Regeneration      |       |       |       |       |     2 |       |       |       |       ||     2
       Blink             |       |       |       |       |     1 |       |       |       |     1 ||     2
       Apportation       |       |       |       |       |       |     3 |       |       |       ||     3
       Deflect Missiles  |       |       |       |       |       |     5 |     2 |     4 |     2 ||    13
       Control Undead    |       |       |       |       |       |    26 |    28 |    26 |       ||    80
       Tukima's Dance    |       |       |       |       |       |       |     2 |       |       ||     2
       Passwall          |       |       |       |       |       |       |       |     7 |       ||     7
       Statue Form       |       |       |       |       |       |       |       |     5 |     4 ||     9
Invok: Lesser Servant of |       |       |     4 |    13 |     3 |     8 |     2 |       |       ||    30
       Greater Servant o |       |       |       |       |       |       |       |     5 |       ||     5
 Abil: Evoke Invisibilit |       |       |       |       |    12 |    20 |    16 |     1 |       ||    49
       Blink             |       |       |       |       |       |       |       |     2 |     1 ||     3
Evoke: Wand              |       |       |     6 |     4 |     1 |     3 |     3 |     6 |     2 ||    25
       Rod               |       |       |       |    16 |    92 |    90 |    21 |    84 |       ||   303
       Fan of gales      |       |       |       |       |       |     1 |       |       |       ||     1
  Use: Potion            |     1 |     3 |     5 |     3 |     6 |    21 |     7 |    10 |     9 ||    65
       Scroll            |       |       |     7 |    16 |    19 |    36 |    23 |    24 |     8 ||   133
 Stab: Sleeping          |     7 |     5 |    14 |    30 |    22 |    83 |    80 |    46 |     5 ||   292
       Held in net/web   |       |     1 |     2 |       |     1 |     6 |     8 |     1 |       ||    19
       Distracted        |       |       |     5 |    17 |    14 |    18 |    31 |    36 |       ||   121
       Confused          |       |       |       |    30 |   159 |   176 |    61 |    86 |    12 ||   524
       Invisible         |       |       |       |       |    86 |    72 |    65 |       |       ||   223
       Petrifying        |       |       |       |       |     3 |       |       |       |       ||     3
       Petrified         |       |       |       |       |     2 |       |       |       |       ||     2
       Fleeing           |       |       |       |       |     2 |       |       |     3 |       ||     5
       Paralysed         |       |       |       |       |     1 |       |       |       |       ||     1
       Betrayed ally     |       |       |       |       |       |       |     7 |     1 |       ||     8
  Eat: Bread ration      |       |     1 |     1 |       |     4 |     6 |     4 |     4 |     1 ||    21
       Pizza             |       |       |       |     3 |       |     1 |     1 |     1 |       ||     6
       Fruit             |       |       |       |     5 |     3 |     5 |     4 |     9 |       ||    26
       Royal jelly       |       |       |       |       |       |     2 |       |       |       ||     2
Armor: Robe              |     5 |    13 |    11 |    45 |    73 |    40 |       |       |       ||   187
       Skin              |       |     2 |       |       |       |       |       |    55 |    51 ||   108
       Swamp dragon scal |       |       |       |       |       |    65 |    77 |   157 |     5 ||   304
       Quicksilver drago |       |       |       |       |       |       |       |       |     3 ||     3
Dodge: Dodged            |   115 |   189 |   267 |   609 |   765 |   916 |   502 |   825 |   131 ||  4319
       Deflected         |       |       |       |     4 |     6 |    18 |    26 |    38 |    10 ||   102
Block: Buckler           |    21 |    70 |   139 |   408 |   941 |  1729 |  1503 |  1916 |   240 ||  6967
       Reflection        |       |       |       |       |    17 |    61 |    99 |    79 |     2 ||   258
       Rpst.: Falchion   |       |       |       |     6 |       |       |       |       |       ||     6
       Scimitar          |       |       |       |     4 |     7 |    26 |       |     1 |       ||    38
       Long sword        |       |       |       |       |     5 |    10 |    11 |    13 |       ||    39
       Eudemon blade     |       |       |       |       |       |       |       |    20 |       ||    20
